3L
KINGSTON TOWNSHIP KNIGHTS @ TOLEDO STINGERS
05/21/2041
 
TOP OF THE 1ST
Kingston Township Knights batting - Pitching for Toledo Stingers : LHP Jeremy Parker
Pitching: LHP Jeremy Parker
Batting: RHB Khal Drogo 0-0: Ground out 1-3 (Groundball, 13S, EV 74.4 MPH)
Batting: RHB Amor Campos 0-0: Ball
1-0: Foul Ball, location: 2F
1-1: Ball
2-1: Ground out 6-3 (Groundball, 6, EV 87.5 MPH)
Pitching: LHP Mike Tate
Batting: SHB Eustacio Tafalla 0-0: Ball
1-0: Ball
2-0: Foul Ball, location: 2F
2-1: Ball
3-1: Base on Balls
Batting: RHB Daniel McCoy 0-0: Called Strike
0-1: Foul Ball, location: 2F
0-2: Ball
1-2: Ball
2-2: Strikes out swinging
Top of the 1st over - 0 runs, 0 hits, 0 errors, 1 left on base; Kingston Township 0 - Toledo 0
BOTTOM OF THE 1ST
Toledo Stingers batting - Pitching for Kingston Township Knights : RHP Jin-oong Mae
Pitching: RHP Jin-oong Mae
Batting: RHB Brook Linen 0-0: Called Strike
0-1: Foul Ball, location: 2F
0-2: Foul Ball, location: 2F
0-2: Foul Ball, location: 2F
0-2: Foul Ball, location: 2F
0-2: Hit by Pitch
Batting: LHB Matt Dunlap Pickoff Throw to First - Error! E1
Brook Linen to second
0-0: SINGLE (Groundball, 6MD, EV 100.0 MPH)
Brook Linen to third
Batting: LHB Lester Threlfall 0-0: Called Strike
0-1: Fly out, F7 (Flyball, 78M, EV 74.4 MPH)
Batting: RHB Emílio Agramónte 0-0: SINGLE (Groundball, 6MD, EV 102.5 MPH)
Brook Linen scores
Matt Dunlap to second
Runner from 2nd tries for 3rd, SAFE, throw by CF made to third
Batting: RHB Alfredo Martínez 0-0: Ball
1-0: Ball
2-0: Ball
3-0: Called Strike
3-1: Called Strike
3-2: SINGLE (Groundball, 56D, EV 99.4 MPH)
Matt Dunlap scores
Emílio Agramónte to second
Batting: SHB Adam Clements Pickoff Throw to Second - Error! E1
Emílio Agramónte to third
Alfredo Martínez to second
0-0: Fly out, F8 (Flyball, 8LS, EV 91.9 MPH)
Batting: SHB Shiki Sanu 0-0: Ball
1-0: Foul Ball, location: 2F
1-1: Swinging Strike
1-2: Ball
2-2: Ball
3-2: Strikes out looking
Bottom of the 1st over - 2 runs, 3 hits, 2 errors, 2 left on base; Kingston Township 0 - Toledo 2
TOP OF THE 2ND
Kingston Township Knights batting - Pitching for Toledo Stingers : LHP Mike Tate
Batting: RHB Holden Ford 0-0: Ball
1-0: Foul Ball, location: 2F
1-1: Ball
2-1: Ball
3-1: Swinging Strike
3-2: Foul Ball, location: 2F
3-2: Base on Balls
Batting: LHB Ed Mellor 0-0: Ball
1-0: Ground out U3 (Groundball, 3L, EV 95.6 MPH)
Holden Ford to second
Batting: RHB Takenao Wakabayashi 0-0: Foul Ball, location: 2F
0-1: Ground out 6-3 (Groundball, 6D, EV 76.9 MPH)
Batting: RHB Scott Robertson 0-0: Ball
1-0: Called Strike
1-1: SINGLE (Line Drive, 8LS, EV 94.4 MPH)
Holden Ford to third
Runner from 3rd tries for Home, SAFE, throw by CF to home
Batting: RHB Glenn Curtis 0-0: Ball
1-0: DOUBLE (Line Drive, 78M, EV 90.6 MPH)
Scott Robertson to third
Runner from 3rd tries for Home, SAFE, throw by LF to trailing runner, OUT at third! 7-6-5
Top of the 2nd over - 2 runs, 2 hits, 0 errors, 0 left on base; Kingston Township 2 - Toledo 2
BOTTOM OF THE 2ND
Toledo Stingers batting - Pitching for Kingston Township Knights : RHP Jin-oong Mae
Batting: RHB Joey Trifone 0-0: Called Strike
0-1: DOUBLE (Flyball, 89XD, EV 91.9 MPH)
Batting: RHB Anselmo Berneu 0-0: Ball
1-0: Foul Ball, location: 2F
1-1: Foul Ball, location: 2F
1-2: Ball
2-2: Strikes out looking
Batting: RHB Brook Linen 0-0: Swinging Strike
0-1: Ball
1-1: Called Strike
1-2: Ball
2-2: Foul Ball, location: 2F
2-2: Ball
3-2: Fly out, F8 (Flyball, 8RXD, EV 108.1 MPH)
Runner from 2nd tags up, SAFE at 3rd, no throw by CF
Batting: LHB Matt Dunlap 0-0: Foul Ball, location: 2F
0-1: DOUBLE (Line Drive, 5D, EV 101.9 MPH)
Joey Trifone scores
Batting: LHB Lester Threlfall 0-0: Called Strike
0-1: Swinging Strike
0-2: Fly out, F7 (Line Drive, 7D, EV 91.9 MPH)
Bottom of the 2nd over - 1 run, 2 hits, 0 errors, 1 left on base; Kingston Township 2 - Toledo 3
TOP OF THE 3RD
Kingston Township Knights batting - Pitching for Toledo Stingers : LHP Mike Tate
Batting: RHB Khal Drogo 0-0: Called Strike
0-1: Called Strike
0-2: Ball
1-2: Ball
2-2: Foul Ball, location: 2F
2-2: Ball
3-2: Base on Balls
Batting: RHB Amor Campos 0-0: SINGLE (Groundball, 6D, EV 110.0 MPH)
Khal Drogo to second
Batting: SHB Eustacio Tafalla 0-0: Swinging Strike
0-1: Ball
1-1: Foul Ball, location: 2F
1-2: Ball
2-2: Grounds into double play, 6-4-3 (Groundball, 56, EV 85.6 MPH)
Khal Drogo to third
Batting: RHB Daniel McCoy 0-0: Called Strike
0-1: Ground out 6-3 (Groundball, 6S, EV 81.2 MPH)
Top of the 3rd over - 0 runs, 1 hit, 0 errors, 1 left on base; Kingston Township 2 - Toledo 3
BOTTOM OF THE 3RD
Toledo Stingers batting - Pitching for Kingston Township Knights : RHP Jin-oong Mae
Batting: RHB Emílio Agramónte 0-0: Ball
1-0: Ground out 5-3 (Groundball, 5S, EV 86.9 MPH)
Batting: RHB Alfredo Martínez 0-0: Ball
1-0: SOLO HOME RUN (Flyball, 7D, EV 97.5 MPH), Distance : 387 ft
Batting: SHB Adam Clements 0-0: Foul Ball, location: 2F
0-1: Ground out 4-3 (Groundball, 4, EV 81.2 MPH)
Batting: SHB Shiki Sanu 0-0: Swinging Strike
0-1: Ball
1-1: Fly out, F8 (Line Drive, 8RM, EV 97.5 MPH)
Bottom of the 3rd over - 1 run, 1 hit, 0 errors, 0 left on base; Kingston Township 2 - Toledo 4
TOP OF THE 4TH
Kingston Township Knights batting - Pitching for Toledo Stingers : LHP Mike Tate
Batting: RHB Holden Ford 0-0: Hit by Pitch
Batting: LHB Ed Mellor 0-0: Swinging Strike
0-1: Ball
1-1: Foul Ball, location: 2F
1-2: Foul Ball, location: 2F
1-2: SINGLE (Groundball, 34D, EV 102.5 MPH)
Holden Ford to second
Runner from 2nd tries for 3rd, SAFE, no throw by RF
Batting: RHB Takenao Wakabayashi 0-0: Ball
1-0: Called Strike
1-1: Ball
2-1: Called Strike
2-2: Grounds into double play, 5-4-3 (Groundball, 5, EV 102.5 MPH)
Holden Ford scores
Batting: RHB Scott Robertson 0-0: Ball
1-0: Fly out, F7 (Line Drive, 7, EV 93.1 MPH)
Top of the 4th over - 1 run, 1 hit, 0 errors, 0 left on base; Kingston Township 3 - Toledo 4
BOTTOM OF THE 4TH
Toledo Stingers batting - Pitching for Kingston Township Knights : RHP Jin-oong Mae
Batting: RHB Joey Trifone 0-0: Called Strike
0-1: Ball
1-1: Ball
2-1: Called Strike
2-2: Ground out 6-3 (Groundball, 6, EV 96.9 MPH)
Batting: RHB Anselmo Berneu 0-0: Ground out 1-3 (Groundball, 13, EV 68.1 MPH)
Batting: RHB Brook Linen 0-0: Swinging Strike
0-1: Foul Ball, location: 2F
0-2: Ball
1-2: Foul Ball, location: 2F
1-2: Ball
2-2: SOLO HOME RUN (Flyball, 7D, EV 97.5 MPH), Distance : 386 ft
Batting: LHB Matt Dunlap 0-0: Called Strike
0-1: Swinging Strike
0-2: Strikes out swinging
Bottom of the 4th over - 1 run, 1 hit, 0 errors, 0 left on base; Kingston Township 3 - Toledo 5
TOP OF THE 5TH
Kingston Township Knights batting - Pitching for Toledo Stingers : LHP Mike Tate
Batting: RHB Glenn Curtis 0-0: Foul Ball, location: 2F
0-1: Foul Ball, location: 2F
0-2: Strikes out looking
Batting: RHB Khal Drogo 0-0: Ball
1-0: Ball
2-0: Called Strike
2-1: Called Strike
2-2: Ground out 5-3 (Groundball, 56, EV 103.1 MPH)
Batting: RHB Amor Campos 0-0: Called Strike
0-1: Ball
1-1: Ground out 5-3 (Groundball, 56S, EV 85.0 MPH)
Top of the 5th over - 0 runs, 0 hits, 0 errors, 0 left on base; Kingston Township 3 - Toledo 5
BOTTOM OF THE 5TH
Toledo Stingers batting - Pitching for Kingston Township Knights : RHP Jin-oong Mae
Batting: LHB Lester Threlfall 0-0: Ball
1-0: Ball
2-0: Foul Ball, location: 2F
2-1: Ball
3-1: Base on Balls
Batting: RHB Emílio Agramónte 0-0: Foul Ball, location: 2F
0-1: Ball
1-1: Foul Ball, location: 2F
1-2: Foul Ball, location: 2F
1-2: Foul Ball, location: 2F
1-2: Strikes out looking
Batting: RHB Alfredo Martínez 0-0: Ball
1-0: Swinging Strike
1-1: Swinging Strike
1-2: Foul Ball, location: 2F
1-2: Strikes out swinging
Batting: SHB Adam Clements 0-0: Ball
1-0: Called Strike
1-1: Foul Ball, location: 2F
1-2: Foul Ball, location: 2F
1-2: Foul Ball, location: 2F
1-2: Ball
Lester Threlfall steals 2nd, throwing error, E2
Lester Threlfall to third
2-2: Ball
3-2: Base on Balls
Batting: SHB Shiki Sanu 0-0: Ball
1-0: Foul Ball, location: 2F
1-1: Ball
2-1: Ball
3-1: Swinging Strike
3-2: Foul Ball, location: 2F
3-2: Foul Ball, location: 2F
3-2: Ground out 4-3 (Groundball, 4, EV 101.9 MPH)
Bottom of the 5th over - 0 runs, 0 hits, 1 error, 2 left on base; Kingston Township 3 - Toledo 5
TOP OF THE 6TH
Kingston Township Knights batting - Pitching for Toledo Stingers : LHP Mike Tate
Pitching: RHP Harry Fuller
Batting: SHB Eustacio Tafalla 0-0: Swinging Strike
0-1: Ball
1-1: Ground out 1-3 (Groundball, P, EV 83.1 MPH)
Batting: RHB Daniel McCoy 0-0: Called Strike
0-1: Fly out, F8 (Line Drive, 8RD, EV 91.2 MPH)
Batting: RHB Holden Ford 0-0: Ball
1-0: Swinging Strike
1-1: DOUBLE (Line Drive, 7LS, EV 106.9 MPH)
Batting: LHB Ed Mellor 0-0: Ball
1-0: Ball
2-0: Ball
3-0: Called Strike
3-1: Base on Balls
Batting: RHB Takenao Wakabayashi 0-0: Ball
1-0: Ball
2-0: Ball
3-0: Called Strike
3-1: Foul Ball, location: 2F
3-2: Strikes out swinging
Top of the 6th over - 0 runs, 1 hit, 0 errors, 2 left on base; Kingston Township 3 - Toledo 5
BOTTOM OF THE 6TH
Toledo Stingers batting - Pitching for Kingston Township Knights : RHP Jin-oong Mae
Batting: RHB Joey Trifone 0-0: Called Strike
0-1: Ball
1-1: Ball
2-1: Called Strike
2-2: Ball
3-2: Foul Ball, location: 2F
3-2: Strikes out swinging
Batting: RHB Anselmo Berneu 0-0: Foul Ball, location: 2F
0-1: Ball
1-1: Ground out 4-3 (Groundball, 34, EV 106.2 MPH)
Batting: RHB Brook Linen 0-0: Foul Ball, location: 2F
0-1: Ground out 1-3 (Groundball, P, EV 70.0 MPH)
Bottom of the 6th over - 0 runs, 0 hits, 0 errors, 0 left on base; Kingston Township 3 - Toledo 5
TOP OF THE 7TH
Kingston Township Knights batting - Pitching for Toledo Stingers : RHP Harry Fuller
Batting: RHB Scott Robertson 0-0: Ball
1-0: Swinging Strike
1-1: Foul Ball, location: 2F
1-2: Foul Ball, location: 2F
1-2: Strikes out looking
Batting: RHB Glenn Curtis 0-0: Ball
1-0: Ball
2-0: Called Strike
2-1: Ball
3-1: Base on Balls
Batting: RHB Khal Drogo 0-0: Called Strike
Glenn Curtis steals 2nd base
0-1: Called Strike
0-2: Foul Ball, location: 2F
0-2: Ball
1-2: Foul Ball, location: 2F
1-2: Ball
2-2: Foul Ball, location: 2F
2-2: Strikes out looking
Batting: RHB Amor Campos 0-0: Ball
1-0: Swinging Strike
1-1: Ball
2-1: Foul Ball, location: 2F
2-2: Ball
Wild Pitch!
Glenn Curtis to third
3-2: Ground out 3-1 (Groundball, 34, EV 88.8 MPH)
Top of the 7th over - 0 runs, 0 hits, 0 errors, 1 left on base; Kingston Township 3 - Toledo 5
BOTTOM OF THE 7TH
Toledo Stingers batting - Pitching for Kingston Township Knights : RHP Jin-oong Mae
Batting: LHB Matt Dunlap 0-0: Foul Ball, location: 2F
0-1: Foul Ball, location: 2F
0-2: Ground out 3-1 (Groundball, 34S, EV 67.5 MPH)
Batting: LHB Lester Threlfall 0-0: Ball
1-0: Called Strike
1-1: Fly out, F8 (Flyball, 8LD, EV 98.8 MPH)
Batting: RHB Emílio Agramónte 0-0: Swinging Strike
0-1: Ball
1-1: Called Strike
1-2: Strikes out swinging
Bottom of the 7th over - 0 runs, 0 hits, 0 errors, 0 left on base; Kingston Township 3 - Toledo 5
TOP OF THE 8TH
Kingston Township Knights batting - Pitching for Toledo Stingers : RHP Harry Fuller
Batting: SHB Eustacio Tafalla 0-0: Ground out 5-3 (Groundball, 56, EV 87.5 MPH)
Batting: RHB Daniel McCoy 0-0: Fly out, F8 (Flyball, 8RS, EV 78.1 MPH)
Batting: RHB Holden Ford 0-0: Fly out, F4 (Line Drive, 4, EV 71.9 MPH)
Top of the 8th over - 0 runs, 0 hits, 0 errors, 0 left on base; Kingston Township 3 - Toledo 5
BOTTOM OF THE 8TH
Toledo Stingers batting - Pitching for Kingston Township Knights : RHP Jin-oong Mae
Pitching: RHP Jacob Messer
Batting: RHB Alfredo Martínez 0-0: Foul Ball, location: 2F
0-1: Ground out 6-3 (Groundball, 6S, EV 81.2 MPH)
Batting: SHB Adam Clements 0-0: Ball
1-0: Called Strike
1-1: Swinging Strike
1-2: Foul Ball, location: 2F
1-2: Strikes out swinging
Batting: SHB Shiki Sanu 0-0: Ball
1-0: Called Strike
1-1: Foul Ball, location: 2F
1-2: Strikes out swinging
Bottom of the 8th over - 0 runs, 0 hits, 0 errors, 0 left on base; Kingston Township 3 - Toledo 5
TOP OF THE 9TH
Kingston Township Knights batting - Pitching for Toledo Stingers : RHP Harry Fuller
Batting: LHB Ed Mellor 0-0: SINGLE (Line Drive, 89M, EV 90.0 MPH)
Pitching: RHP Taalay Ibragimov
Pinch Runner at 1st Tony Goodwin:
Batting: RHB Takenao Wakabayashi 0-0: Foul Ball, location: 2F
0-1: Ball
1-1: Ball
2-1: Swinging Strike
2-2: Strikes out swinging
Batting: RHB Scott Robertson 0-0: Ball
1-0: Called Strike
1-1: Foul Ball, location: 2F
1-2: Foul Ball, location: 2F
1-2: Foul Ball, location: 2F
1-2: Ball
2-2: Grounds into double play, 1-4-3 (Groundball, 15, EV 85.6 MPH)
Top of the 9th over - 0 runs, 1 hit, 0 errors, 0 left on base; Kingston Township 3 - Toledo 5
Tuesday, January 5th, 2021 - OOTP Baseball 20.8 Build 74